 Dungeon Crawl Stone Soup version 0.31.0-11-ge490571c62 (webtiles) character file.

Game seed: 8965627664089894638

183 Gadfly the Insei (level 5, 0/41 HPs)
             Began as a Demonspawn Monk on Jan 31, 2024.
             Slain by a scorpion (6 damage)
             ... on level 4 of the Dungeon.
             The game lasted 00:05:17 (3432 turns).

Gadfly the Insei (Demonspawn Monk)                  Turns: 3432, Time: 00:05:17

Health: 0/41       AC:  2    Str: 23      XL:     5   Next: 35%
Magic:  5/5        EV: 18    Int:  9      God:
Gold:   48         SH:  0    Dex: 14 (15) Spells: 4/4 levels left

rFire   . .          .
                       - Unarmed
rCold   . . .        c - orb {light}
rNeg    . . .        a - +0 robe
rPois   .            (helmet restricted)
rElec   .            (no cloak)
rCorr   .            (no gloves)
SInv    .            (no boots)
Will    .....        (no amulet)
Stlth   +            f - +6 ring of strength
HPRegen 0.26/turn    m - +5 ring of evasion
MPRegen 0.09/turn

%: no passive effects
@: confused, lethally poisoned (0 -> -8), ambrosia-drunk, glowing
A: horns 1, sense surroundings 1, strong 1
a: no special abilities


You were on level 4 of the Dungeon.
You visited 1 branch of the dungeon, and saw 4 of its levels.

You collected 158 gold pieces.
You spent 110 gold pieces at shops.

Inventory:

Hand Weapons
 d - a +1 heavy halberd
 e - a +0 trident
Armour
 a - a +0 robe (worn)
 c - an orb of light (worn)
Jewellery
 f - a +6 ring of strength (left hand)
 m - a +5 ring of evasion (right hand)
Scrolls
 i - a scroll of blinking
 j - a scroll of poison
Potions
 h - a potion of resistance
 k - a potion of berserk rage
 l - a potion of haste {unknown}
 n - 2 potions of curing {unknown}
 o - a potion of lignification {unknown}
 q - a potion of heal wounds


   Skills:
 + Level 3.1 Fighting
 + Level 3.3 Dodging
 * Level 3.6 Unarmed Combat
 * Level 2.4 Evocations
 * Level 1.9 Shapeshifting


You had 4 spell levels left.
You didn't know any spells.
Your spell library contained the following spells:

 Spells                   Type           Power      Damage    Failure   Level
 Kiss of Death            Conj/Necr      0%         2d5       38%         1
 Confusing Touch          Hex            0%         N/A       77%         3
 Dispel Undead            Necr           0%         3d6       99%         4


Dungeon Overview and Level Annotations

Branches:
Dungeon (4/15)
 Temple: D:4-7

Altars:
Gozag

Shops:
D:3 (   D:4 :*


Innate Abilities, Weirdness & Mutations

You have a pair of small horns on your head.
You passively map a small area around you.
Your muscles are strong. (Str +4, Int/Dex -1)


Message History

The scorpion is heavily wounded.
You feel very sick. The scorpion misses you.
You hit the scorpion but do no damage.
You headbutt the scorpion, but do no damage.
The scorpion is moderately wounded.
You feel sick. The scorpion stings you.
You are lethally poisoned!
The scorpion poisons you!
You are too injured to fight recklessly!
You are too injured to fight recklessly!
You are too injured to fight recklessly!
Unknown command.
You hit the scorpion. Your headbutt misses the scorpion.
The scorpion is heavily wounded.
You feel very sick. The scorpion completely misses you.
You hit the scorpion. You headbutt the scorpion.
The scorpion is severely wounded.
* * * LOW HITPOINT WARNING * * *
You feel very sick. The scorpion completely misses you.
You hit the scorpion.
The scorpion is almost dead.
* * * LOW HITPOINT WARNING * * *
You feel very sick. The scorpion stings you.
* * * LOW HITPOINT WARNING * * *
It was a potion of mutation.
You feel extremely strange.
You feel stronger.
You feel a strange attunement to the structure of the dungeons.
* * * LOW HITPOINT WARNING * * *
You feel very sick. The scorpion stings you.
* * * LOW HITPOINT WARNING * * *
You are confused.
You feel invigorated.
* * * LOW HITPOINT WARNING * * *
You feel sick. The scorpion stings you.
You die...

###### *
######......
####.#......... ,
* *
#...#.......... **
.....^......... *
#.............. ,
* #...s.........
#...@.......... *
#.)............. *
#.................
#...........)....#
#................#
#................#
##..............#
##.............#
##...........#


You could see a scorpion.

Vanquished Creatures
  7 gnolls
  6 adders
  3 dart slugs
  An orc (D:4)
  3 bats
  4 endoplasms
  3 giant cockroaches
  7 goblins
  6 hobgoblins
  2 quokkas (D:1)
  8 ball pythons
  A frilled lizard (D:1)
  2 kobolds
  3 rats
56 creatures vanquished.

Notes
Turn   | Place    | Note
-------+----------+-------------------------------------------
     0 | D:1      | Gadfly the Demonspawn Monk began the quest for the Orb.
     0 | D:1      | Reached XP level 1. HP: 18/18 MP: 1/1
    83 | D:1      | Gained mutation: You have a pair of small horns on your
                  | head. [demonic ancestry]
    83 | D:1      | Reached XP level 2. HP: 10/24 MP: 2/2
   391 | D:1      | Reached skill level 1 in Evocations
   706 | D:1      | Found a faded altar of an unknown god.
   980 | D:2      | Reached XP level 3. HP: 28/29 MP: 3/3
  1056 | D:2      | Reached skill level 1 in Shapeshifting
  1212 | D:2      | Reached XP level 4. HP: 13/35 MP: 4/4
  2400 | D:3      | Found Qopp's Weapon Shop.
  2430 | D:3      | Identified the +4 leather armour of the Lair of Beasts
                  | {rPois SInv}
  3088 | D:4      | Found Cuqyklu's Assorted Antiques.
  3088 | D:4      | Found Berriroph's Book Emporium.
  3095 | D:4      | Reached XP level 5. HP: 37/41 MP: 5/5
  3115 | D:4      | Bought a red potion for 26 gold pieces
  3115 | D:4      | Bought a scroll of identify for 58 gold pieces
  3115 | D:4      | Bought a green potion for 26 gold pieces
  3120 | D:4      | Found an opulent altar of Gozag.
  3431 | D:4      | Gained mutation: Your muscles are strong. (Str +4, Int/Dex
                  | -1) [potion of mutation]
  3431 | D:4      | Gained mutation: You passively map a small area around you.
                  | [potion of mutation]
  3432 | D:4      | Slain by a scorpion

Illustrated notes

Levels and vault maps discovered:
D:1:      minmay_arrival_plants_in_alcoves, layout_basic,
          shapermc_ecumenical_altar_mp_urbaneastern, minmay_hedge_maze
D:2:      layout_rooms
D:3:      layout_basic, serial_shops, nicolae_shop_real_fake_doors
D:4:      layout_cave_pods, mainiacjoe_overflow_cross_hatched, serial_shops,
          shop, shop, shop

Skill      XL: |  1  2  3  4 |
---------------+-------------+-----
Evocations     | 1 2 |  2.4
Unarmed Combat | 3 |  3.6
Shapeshifting  | 1 |  1.9
Dodging        | 3 |  3.3
Fighting       | |  3.1

Action                     |  1- 3 |  4- 6 || total
---------------------------+-------+-------++-------
  Melee: Unarmed           |    95 |    71 ||   166
         Headbutt          |     9 |    18 ||    27
    Use: Scroll            |     6 |     3 ||     9
         Potion            |     2 |     3 ||     5
 Armour: Robe              |    52 |    36 ||    88
  Dodge: Dodged            |    67 |    54 ||   121
